[ AOE2 MATCH · #508396644 ]
UnrankedMalians vs Magyars
Player's team · WIN
Rival team · LOSS
[ REPLAY ANALYSIS · EXTRACTED FROM THE RECORDED GAME ]
Feudal
10:20
Castle
16:12
Imperial
—
| APM avg | 68.9 |
| APM peak | 122 |
| eAPM avg | 22.6 |
| Villagers / military | 41 / 20 |
Focus
⚔️ 41.0% · 🌾 59.0%
Gbeto ×15 · Mangonel ×2 · Battering Ram ×2 · Monk ×1
Feudal
14:01
Castle
—
Imperial
—
| APM avg | 53.9 |
| APM peak | 87 |
| eAPM avg | 31.1 |
| Villagers / military | 58 / 47 |
Focus
⚔️ 40.1% · 🌾 59.9%
Archer ×35 · Skirmisher ×8 · Militia ×4
Match map
Initial resources + every placement click. Lines = walls · curves = elevation contours. ◆ gold · ⬟ stone · ● berries · ✦ relic · ◌ wall gap
Your base· Open — unwalled flank
ssz's base· Open — unwalled flank
Smoothed initial terrain · ◌ = detected wall gap · hover for details
Inputs per minute
— TdB.holland89 - - ssz
Build order — TdB.holland89
116 actions detected in the replay
| 0:00 | Create | Villager (Male) |
| 0:00 | Create | Villager (Male) |
| 0:01 | Build | House |
| 0:02 | Build | House |
| 0:33 | Create | Villager (Male) |
| 0:33 | Create | Villager (Male) |
| 0:33 | Create | Villager (Male) |
| 1:33 | Create | Villager (Male) |
| 2:04 | Create | Villager (Male) |
| 2:31 | Create | Villager (Male) |
| 2:44 | Create | Villager (Male) |
| 2:44 | Create | Villager (Male) |
| 3:01 | Build | Lumber Camp |
| 3:15 | Create | Villager (Male) |
| 3:44 | Create | Villager (Male) |
| 3:50 | Build | House |
| 3:51 | Build | House |
| 3:53 | Build | Palisade Wall |
| 4:08 | Create | Villager (Male) |
| 4:08 | Create | Villager (Male) |
| 4:08 | Create | Villager (Male) |
| 4:42 | Create | Villager (Male) |
| 4:59 | Create | Villager (Male) |
| 5:04 | Build | Mill |
| 5:22 | Create | Villager (Male) |
| 5:29 | Create | Villager (Male) |
| 5:41 | Build | House |
| 5:43 | Build | Palisade Wall |
| 5:47 | Build | Palisade Wall |
| 5:48 | Build | Palisade Wall |
| 5:49 | Build | Palisade Wall |
| 5:51 | Create | Villager (Male) |
| 6:03 | Build | Palisade Wall |
| 6:06 | Build | Palisade Wall |
| 6:06 | Build | Palisade Wall |
| 6:08 | Build | Palisade Wall |
| 6:24 | Build | House |
| 6:27 | Build | Palisade Wall |
| 6:32 | Build | House |
| 6:49 | Build | Palisade Wall |
| 7:21 | Build | Palisade Wall |
| 7:27 | Build | Outpost |
| 7:45 | Research | Loom |
| 8:03 | Research | Feudal Age |
| 8:49 | Build | Palisade Wall |
| 8:55 | Build | Mining Camp |
| 10:20 | Age | Feudal Age |
| 10:28 | Create | Villager (Male) |
| 10:58 | Create | Villager (Male) |
| 11:02 | Build | Blacksmith |
| 11:25 | Create | Villager (Male) |
| 11:41 | Create | Villager (Male) |
| 12:07 | Build | Market |
| 12:23 | Create | Villager (Male) |
| 13:32 | Research | Castle Age |
| 13:32 | Research | Castle Age |
| 15:28 | Build | Farm |
| 15:30 | Build | Farm |
| 15:31 | Build | Farm |
| 15:37 | Build | Farm |
| 15:47 | Build | Lumber Camp |
| 16:12 | Age | Castle Age |
| 16:14 | Build | Castle |
| 16:19 | Create | Villager (Male) |
| 16:21 | Research | Double-Bit Axe |
| 16:45 | Create | Villager (Male) |
| 17:01 | Build | Farm |
| 17:05 | Create | Villager (Male) |
| 17:26 | Create | Gbeto |
| 17:38 | Create | Villager (Male) |
| 17:41 | Build | Farm |
| 17:42 | Build | Farm |
| 17:43 | Build | Farm |
| 17:55 | Create | Gbeto |
| 18:06 | Build | Farm |
| 18:12 | Create | Gbeto |
| 18:33 | Create | Gbeto |
| 18:43 | Build | Mining Camp |
| 19:00 | Create | Villager (Male) |
| 19:19 | Build | Siege Workshop |
| 19:25 | Create | Gbeto |
| 19:31 | Create | Villager (Male) |
| 19:47 | Create | Villager (Male) |
| 19:59 | Create | Gbeto |
| 20:43 | Build | Farm |
| 20:55 | Create | Gbeto |
| 20:55 | Create | Gbeto |
| 20:55 | Create | Villager (Male) |
| 21:04 | Build | Outpost |
| 21:12 | Create | Gbeto |
| 22:10 | Create | Gbeto |
| 22:11 | Create | Villager (Male) |
| 22:13 | Research | Scale Mail Armor |
| 22:15 | Create | Mangonel |
| 22:19 | Create | Gbeto |
| 22:34 | Build | House |
| 22:56 | Create | Gbeto |
| 22:56 | Create | Gbeto |
| 22:57 | Create | Villager (Male) |
| 23:01 | Build | Monastery |
| 23:17 | Create | Battering Ram |
| 23:22 | Create | Battering Ram |
| 23:26 | Create | Mangonel |
| 23:27 | Create | Gbeto |
| 23:34 | Create | Villager (Male) |
| 23:37 | Build | Farm |
| 23:37 | Create | Villager (Male) |
| 24:02 | Create | Gbeto |
| 24:20 | Create | Monk |
| 24:35 | Create | Villager (Male) |
| 25:09 | Create | Villager (Male) |
| 25:11 | Create | Villager (Male) |
| 25:12 | Create | Villager (Male) |
| 25:14 | Build | Farm |
| 25:14 | Build | Farm |
| 25:14 | Build | Farm |
Build order — ssz
First 150 of 179 actions detected
| 0:07 | Create | Villager (Male) |
| 0:08 | Create | Villager (Male) |
| 0:08 | Build | House |
| 0:09 | Create | Villager (Male) |
| 0:10 | Build | House |
| 0:11 | Create | Villager (Male) |
| 1:38 | Create | Villager (Male) |
| 2:00 | Create | Villager (Male) |
| 2:39 | Create | Villager (Male) |
| 2:42 | Build | Barracks |
| 3:05 | Create | Villager (Male) |
| 3:05 | Create | Villager (Male) |
| 3:24 | Create | Militia |
| 3:37 | Research | Loom |
| 3:53 | Create | Militia |
| 3:53 | Create | Militia |
| 4:06 | Create | Villager (Male) |
| 4:06 | Create | Villager (Male) |
| 4:24 | Create | Militia |
| 4:26 | Build | House |
| 4:42 | Create | Villager (Male) |
| 5:13 | Create | Villager (Male) |
| 5:32 | Create | Villager (Male) |
| 6:03 | Create | Villager (Male) |
| 6:15 | Build | Lumber Camp |
| 6:18 | Create | Villager (Male) |
| 6:31 | Build | House |
| 6:33 | Build | House |
| 7:21 | Create | Villager (Male) |
| 7:23 | Build | Mill |
| 7:25 | Build | Mill |
| 7:27 | Create | Villager (Male) |
| 7:56 | Create | Villager (Male) |
| 8:26 | Create | Villager (Male) |
| 8:54 | Create | Villager (Male) |
| 9:12 | Build | Mill |
| 9:14 | Create | Villager (Male) |
| 9:14 | Create | Villager (Male) |
| 9:15 | Create | Villager (Male) |
| 9:34 | Build | Palisade Wall |
| 9:35 | Build | Palisade Wall |
| 9:39 | Create | Villager (Male) |
| 9:45 | Build | Palisade Wall |
| 9:56 | Create | Villager (Male) |
| 9:58 | Build | Palisade Wall |
| 9:59 | Build | Palisade Wall |
| 9:59 | Build | Palisade Wall |
| 10:00 | Build | Palisade Wall |
| 10:01 | Create | Villager (Male) |
| 10:10 | Build | Farm |
| 10:11 | Build | Farm |
| 10:22 | Create | Villager (Male) |
| 10:22 | Create | Villager (Male) |
| 10:30 | Build | Palisade Wall |
| 10:52 | Build | Farm |
| 11:03 | Create | Villager (Male) |
| 11:12 | Create | Villager (Male) |
| 11:22 | Create | Villager (Male) |
| 11:23 | Build | Farm |
| 11:30 | Build | Palisade Wall |
| 11:51 | Research | Feudal Age |
| 12:05 | Build | Mining Camp |
| 12:11 | Build | House |
| 12:21 | Build | Palisade Wall |
| 12:27 | Build | House |
| 12:41 | Create | Villager (Male) |
| 12:45 | Build | House |
| 12:53 | Build | Palisade Wall |
| 12:53 | Build | Palisade Wall |
| 13:16 | Create | Villager (Male) |
| 13:27 | Create | Villager (Male) |
| 14:01 | Age | Feudal Age |
| 14:04 | Create | Villager (Male) |
| 14:13 | Build | Stable |
| 14:16 | Build | Archery Range |
| 14:20 | Create | Villager (Male) |
| 14:45 | Create | Villager (Male) |
| 14:57 | Create | Skirmisher |
| 14:57 | Create | Skirmisher |
| 14:57 | Create | Skirmisher |
| 14:58 | Create | Villager (Male) |
| 15:02 | Build | Mining Camp |
| 15:19 | Create | Villager (Male) |
| 15:27 | Create | Skirmisher |
| 15:27 | Create | Villager (Male) |
| 15:44 | Research | Double-Bit Axe |
| 15:53 | Build | Archery Range |
| 15:56 | Create | Skirmisher |
| 15:57 | Create | Skirmisher |
| 15:57 | Create | Villager (Male) |
| 16:14 | Create | Villager (Male) |
| 16:15 | Build | Farm |
| 16:51 | Build | Watch Tower |
| 16:52 | Create | Archer |
| 16:52 | Create | Archer |
| 16:55 | Create | Villager (Male) |
| 17:01 | Create | Skirmisher |
| 17:01 | Create | Skirmisher |
| 17:08 | Create | Villager (Male) |
| 17:17 | Build | Palisade Wall |
| 17:17 | Build | Palisade Wall |
| 17:20 | Create | Archer |
| 17:20 | Create | Archer |
| 17:31 | Build | Watch Tower |
| 17:38 | Create | Archer |
| 17:44 | Create | Villager (Male) |
| 17:58 | Build | Blacksmith |
| 18:08 | Create | Archer |
| 18:20 | Build | House |
| 18:23 | Create | Archer |
| 18:24 | Create | Archer |
| 18:30 | Build | House |
| 18:38 | Research | Fletching |
| 18:39 | Create | Villager (Male) |
| 18:51 | Create | Archer |
| 18:59 | Build | Watch Tower |
| 19:02 | Create | Archer |
| 19:02 | Create | Archer |
| 19:19 | Create | Archer |
| 19:20 | Create | Villager (Male) |
| 19:34 | Create | Archer |
| 19:42 | Create | Archer |
| 19:50 | Research | Padded Archer Armor |
| 19:53 | Build | Watch Tower |
| 19:54 | Create | Archer |
| 20:01 | Create | Villager (Male) |
| 20:02 | Build | Farm |
| 20:03 | Build | Farm |
| 20:10 | Build | Watch Tower |
| 20:10 | Build | Farm |
| 20:13 | Build | Watch Tower |
| 20:23 | Create | Archer |
| 20:55 | Build | Watch Tower |
| 20:59 | Create | Archer |
| 21:06 | Build | Farm |
| 21:06 | Build | Farm |
| 21:07 | Build | Farm |
| 21:07 | Build | Farm |
| 21:07 | Build | Farm |
| 21:07 | Build | Farm |
| 21:27 | Create | Villager (Male) |
| 21:57 | Create | Archer |
| 22:11 | Create | Villager (Male) |
| 22:18 | Create | Archer |
| 22:18 | Create | Archer |
| 22:19 | Create | Archer |
| 22:19 | Create | Archer |
| 22:25 | Build | Farm |
| 22:26 | Build | Farm |
| 22:26 | Build | Farm |
Match timeline
| 2:42 | ssz · first_building Barracks |
| 3:53 | TdB.holland89 · wall_segment Palisade Wall x3 |
| 5:43 | TdB.holland89 · wall_segment Palisade Wall x4 |
| 5:47 | TdB.holland89 · wall_segment Palisade Wall x1 |
| 5:48 | TdB.holland89 · wall_segment Palisade Wall x1 |
| 5:49 | TdB.holland89 · wall_segment Palisade Wall x3 |
| 6:03 | TdB.holland89 · wall_segment Palisade Wall x3 |
| 6:06 | TdB.holland89 · wall_segment Palisade Wall x5 |
| 6:06 | TdB.holland89 · wall_segment Palisade Wall x1 |
| 6:08 | TdB.holland89 · wall_segment Palisade Wall x1 |
| 6:27 | TdB.holland89 · wall_segment Palisade Wall x5 |
| 6:49 | TdB.holland89 · wall_segment Palisade Wall x7 |
| 7:21 | TdB.holland89 · wall_segment Palisade Wall x1 |
| 8:49 | TdB.holland89 · wall_segment Palisade Wall x4 |
| 9:34 | ssz · wall_segment Palisade Wall x5 |
| 9:35 | ssz · wall_segment Palisade Wall x4 |
| 9:45 | ssz · wall_segment Palisade Wall x1 |
| 9:58 | ssz · wall_segment Palisade Wall x2 |
| 9:59 | ssz · wall_segment Palisade Wall x1 |
| 9:59 | ssz · wall_segment Palisade Wall x1 |
| 10:00 | ssz · wall_segment Palisade Wall x1 |
| 10:20 | TdB.holland89 · age_up feudal |
| 10:30 | ssz · wall_segment Palisade Wall x1 |
| 11:30 | ssz · wall_segment Palisade Wall x1 |
| 12:21 | ssz · wall_segment Palisade Wall x9 |
| 12:53 | ssz · wall_segment Palisade Wall x1 |
| 12:53 | ssz · wall_segment Palisade Wall x1 |
| 13:10 | TdB.holland89 · first_market_sell 500 wood |
| 13:21 | TdB.holland89 · first_market_buy 100 food |
| 14:01 | ssz · age_up feudal |
| 14:13 | ssz · first_building Stable |
| 14:16 | ssz · first_building Archery Range |
| 16:12 | TdB.holland89 · age_up castle |
| 16:14 | TdB.holland89 · first_building Castle |
| 17:17 | ssz · wall_segment Palisade Wall x1 |
| 17:17 | ssz · wall_segment Palisade Wall x1 |
| 19:19 | TdB.holland89 · first_building Siege Workshop |
| 23:01 | TdB.holland89 · first_building Monastery |
| 26:28 | ssz · resign |
[ AI ANALYSIS · 1 CREDIT ]
What really happened in this match?
Wolo.gg analyzes every decision: build order, eco, micro, common mistakes by bracket. Personalized analysis on WhatsApp or Discord in 30 seconds.
Civ guide
Malians
Perfil
Jugador #236788